 Dungeon Crawl Stone Soup version 0.31-a0-978-g1e143483b6 (webtiles) character file.

Game seed: 15654548920699182263

24453 Demosthentine the Fighter (level 12, -3/86 (90) HPs)
             Began as a Demonspawn Gladiator on Oct 26, 2023.
             Was an Elder of Hepliaklqana.
             Slain by a basilisk (11 damage)
             ... summoned by an orange crystal statue
             ... on level 12 of the Dungeon on Oct 31, 2023.
             The game lasted 00:16:31 (13001 turns).

Demosthentine the Fighter (Demonspawn Gladiator)   Turns: 13001, Time: 00:16:31

HP:   -3/86 (90)    AC:  9    Str: 26      XL:     12   Next: 80%
MP:   0/20          EV: 17    Int:  5 (10) God:    Hepliaklqana [****..]
Gold: 1910          SH:  0    Dex: 16      Spells: 11/11 levels left

rFire   . . .        I - +2 trident (freeze)
rCold   + . .        (no shield)
rNeg    . . .        b - +0 leather armour
rPois   .            c - +0 helmet
rElec   .            K - scarf {repulsion}
rCorr   .            (no gloves)
SInv    +            H - +0 pair of boots
Will    .....        n - amulet of guardian spirit
Stlth   +            C - ring of Taky {Fly rC+ Str+8}
HPRegen 0.34/turn    g - ring of see invisible
MPRegen 0.17/turn

%: repel missiles, guardian spirit
@: mighty, flying, lightly drained
A: reduced essence, slimy green scales 2, demonic guardian 1, ignite blood 1,
demonic touch 2
a: Renounce Religion, Recall Ancestor, Ancestor Identity, Transference, Idealise


You were on level 12 of the Dungeon.
You worshipped Hepliaklqana.
Hepliaklqana was greatly pleased with you.
You visited 2 branches of the dungeon, and saw 13 of its levels.
You also visited: Bailey.

You collected 2085 gold pieces.
You spent 175 gold pieces at shops.

Inventory:

Hand Weapons
 I - a +2 trident of freezing (weapon)
Missiles
 d - a throwing net (quivered)
 e - a javelin
Armour
 b - a +0 leather armour (worn)
 c - a +0 helmet (worn)
 q - a +1 cloak
 H - a +0 pair of boots (worn)
 K - a scarf of repulsion (worn)
Jewellery
 a - a +6 ring of intelligence
 g - a ring of see invisible (right hand)
 n - an amulet of guardian spirit (around neck)
 C - the ring of Taky (left hand) {Fly rC+ Str+8}
   (You acquired it in a bailey)

   [ring of flight]

   Str+8:     It affects your strength (+8).
   rC+:       It protects you from cold.
   Fly:       It grants you flight.
 M - a +6 ring of intelligence
 P - a +5 ring of evasion
 R - the Hermit's Pendant {Faith Invo=14 Evo=0 MP+5}
   (You acquired it on level 12 of the Dungeon)

   [amulet of faith]

   Invo=14: It sets your Invocations skill to 14.
   Evo=0: It sets your Evocations skill to 0.
   Faith:     It allows you to gain divine favour quickly.
   MP+5:      It affects your magic capacity (+5).
Wands
 t - a wand of paralysis (6)
 u - a wand of flame (33)
 A - a wand of polymorph (4)
 D - a wand of digging (6)
 G - a wand of iceblast (4)
 O - a wand of mindburst (15)
Scrolls
 f - 4 scrolls of enchant weapon
 i - 2 scrolls of immolation
 m - a scroll of amnesia
 o - 3 scrolls of vulnerability
 s - 6 scrolls of teleportation
 v - a scroll of summoning
 x - 4 scrolls of revelation
 y - a scroll of blinking
 z - a scroll of fear
 F - a scroll of poison
Potions
 h - 2 potions of enlightenment
 j - 2 potions of lignification
 k - 5 potions of haste
 l - a potion of might
 p - a potion of attraction
 r - 6 potions of heal wounds
 w - 5 potions of brilliance
 B - a potion of invisibility
 E - a potion of ambrosia
 J - a potion of cancellation {unknown}
 L - a potion of curing
 Q - a potion of degeneration {unknown}
 S - a potion of experience {unknown}
 T - a potion of mutation {unknown}


   Skills:
 + Level 11.2 Fighting
 + Level 10.5 Polearms
 - Level 1.7 Throwing
 - Level 6.4 Armour
 + Level 10.5 Dodging
 + Level 10.9 Invocations


You had 11 spell levels left.
You didn't know any spells.
Your spell library contained the following spells:

 Spells                   Type           Power      Damage    Failure   Level
 Apportation              Tloc           0%         N/A       52%         1
 Necrotise                Necr           0%         1d4       52%         1
 Shock                    Conj/Air       0%         1d3       52%         1
 Summon Small Mammal      Summ           0%         N/A       52%         1
 Static Discharge         Conj/Air       0%         3-3/arc   65%         2
 Swiftness                Air            0%         N/A       87%         3
 Tukima's Dance           Hex            0%         N/A       87%         3
 Vampiric Draining        Necr           0%         2d6       87%         3
 Airstrike                Air            0%         2d(0-16)  99%         4
 Manifold Assault         Tloc           0%         N/A       99%         4
 Passage of Golubria      Tloc           0%         N/A       99%         4
 Summon Lightning Spire   Summ/Air       0%         N/A       99%         4
 Agony                    Necr           0%         N/A       100%        5
 Yara's Violent Unravell  Hex/Tmut       0%         3d3       100%        5
 Dispersal                Tloc           0%         N/A       100%        6
 Disjunction              Tloc           0%         N/A       100%        8


Dungeon Overview and Level Annotations

Branches:
Dungeon (12/15)            Temple (1/1) D:4            Lair (0/5) D:10
    Orc (0/2) D:11         Bailey (visited)

Altars:
Ashenzari
Cheibriados
Dithmenos
Fedhas
Gozag
Hepliaklqana
Kikubaaqudgha
Makhleb
Nemelex Xobeh
Okawaru
Qazlal
Ru
Sif Muna
Trog
Uskayaw
Vehumet
Wu Jian
Xom
Yredelemnul

Shops:
D:5 (   D:6 =   D:11 *

Annotations:
D:12 exclusion: orange crystal statue


Innate Abilities, Weirdness & Mutations

Your life essence is reduced to manifest your ancestor. (-10% HP)
You are mostly covered in slimy green scales. (AC +3)
A weak demonic guardian rushes to your aid.
Your demonic aura sometimes causes spilled blood to erupt in flames.
Your touch may inflict irresistible damage on your foes.


Message History

Send 'em back where they came from!
Your hellwing disappears in a puff of smoke!
Eideard casts a spell at the basilisk.
The basilisk resists with significant effort.
The basilisk barely misses Eideard.
The orange crystal statue glitters.
Eideard casts a spell at the basilisk.
The basilisk appears confused.
Unknown command.
You barely miss the efreet.
The basilisk bites you but does no damage.
Eideard barely misses the basilisk.
Unknown command.
The efreet misses you. The manticore bites you. The manticore misses you.
The manticore claws you.
Eideard hits the basilisk with a +0 dagger of draining!
Unknown command.
You hit the orange crystal statue.
The orange crystal statue is lightly damaged.
The two-headed ogre hits you with a +0 dire flail!
* * * LOW HITPOINT WARNING * * *
The two-headed ogre barely misses you. The efreet closely misses you.
The manticore closely misses you.
The manticore claws you but does no damage.
The manticore completely misses you.
You puncture the orange crystal statue!
You touch the orange crystal statue.
The orange crystal statue is moderately damaged.
The orange crystal statue glitters topaz in the dim dungeon light.
The orange crystal statue fixes its piercing gaze on you.
You feel dopey. Something feeds on your intellect!
Eideard points at the basilisk and mumbles some strange words.
The basilisk resists with significant effort.
The efreet hits you with a +4 scimitar of flaming!
* * * LOW HITPOINT WARNING * * *
A demonic guardian appears!
The efreet burns you.
* * * LOW HITPOINT WARNING * * *
The manticore barely misses you. The manticore misses you.
The manticore closely misses you. The basilisk bites you!
You die...

#....................
#....................
####################~
## ###### # #=")≈##
## #[5:≈≈## ###≈
#..~~H≈# ##≈≈≈
#.O@≈≈## ####≈≈≈≈
##8Rl≈≈### ##≈≈≈≈≈≈#
###R≈≈≈≈###≈≈≈≈≈≈##
##≈≈≈≈≈≈≈≈≈≈≈###
###≈≈≈≈≈≈≈###
###≈≈≈### #####


You could see the friendly Eideard the hexer, an orange crystal statue, a
two-headed ogre (summoned, ally target), a manticore (summoned), an efreet
(summoned), a basilisk (summoned, confused, ally target) and a friendly quasit
(summoned).

Vanquished Creatures
  Gastronok (D:12)
  Frances (D:12)
  An orc warlord (D:12)
  Josephine (D:9)
  4 two-headed ogres
  An orc high priest (D:12)
  Nergalle (D:11)
  4 orc knights (D:12)
  An ugly thing (D:12)
  A manticore (D:11)
  An orc sorcerer (D:12)
  2 gargoyles (D:11)
  An unseen horror (D:11)
  A kobold demonologist (D:11)
  A troll (D:8)
  Grinder (D:3)
  2 water elementals (D:12)
  A shadow (D:9)
  8 yaks
  A vampire (D:12)
  A human (D:10)
  3 wraiths (D:10)
  2 hogs (D:10)
  Eustachio (D:6)
  Grum (D:11)
  3 wargs (D:10)
  Menkaure (D:4)
  Edmund (D:5)
  2 acid dragons
  9 orc warriors
  A sky beast (D:8)
  An ice beast (D:8)
  2 centaurs
  2 wolves (D:11)
  3 kobold brigands
  2 bullfrogs
  3 scorpions
  A wight (D:9)
  2 killer bees (D:8)
  6 howler monkeys
  2 hounds
  13 orc priests
  3 jellies (D:5)
  Crazy Yiuf (D:2)
  Jessica (D:2)
  4 sleepcaps
  A gnoll bouda (D:9)
  4 iguanas
  12 orc wizards
  Robin (D:3)
  3 gnolls (D:8)
  6 adders
  A white imp (D:6)
  3 worms
  3 dart slugs
  42 orcs
  9 ball pythons
  9 bats
  A bat skeleton (D:2)
  A bat zombie (D:2)
  8 endoplasms
  2 giant cockroaches
  29 goblins
  9 hobgoblins
  4 jackals (D:1)
  23 kobolds
  2 quokkas (D:3)
  A ball python skeleton (D:2)
  2 frilled lizards
  5 rats
287 creatures vanquished.

Vanquished Creatures (collateral kills)
  Rupert (D:12)
  An orc warlord (Bailey)
  Harold (D:11)
  A two-headed ogre (D:9)
  An orc knight (D:12)
  A water elemental (D:12)
  3 wraiths (D:10)
  A vampire (D:12)
  A yak (D:9)
  A hog (D:10)
  2 water moccasins
  2 orc warriors (Bailey)
  An ice beast (D:7)
  2 bullfrogs
  2 killer bees (D:8)
  4 howler monkeys
  A jelly (D:6)
  A gnoll bouda (D:8)
  An orc priest (D:10)
  2 orc wizards
  A gnoll (D:8)
  10 orcs
  4 kobolds
45 creatures vanquished.

Vanquished Creatures (others)
  10 hexers
10 creatures vanquished.

Grand Total: 342 creatures vanquished

Notes
Turn   | Place    | Note
-------+----------+-------------------------------------------
     0 | D:1      | Demosthentine the Demonspawn Gladiator began the quest for
                  | the Orb.
     0 | D:1      | Reached XP level 1. HP: 16/16 MP: 1/1
    78 | D:1      | Gained mutation: A weak demonic guardian rushes to your
                  | aid. [demonic ancestry]
    78 | D:1      | Reached XP level 2. HP: 22/22 MP: 2/2
   240 | D:1      | Reached skill level 1 in Armour
   327 | D:1      | Gained mutation: Your touch may inflict minor irresistible
                  | damage on your foes. [demonic ancestry]
   327 | D:1      | Reached XP level 3. HP: 28/28 MP: 3/3
   724 | D:2      | Noticed Jessica
   731 | D:2      | Killed Jessica
   732 | D:2      | Gained mutation: Your demonic aura sometimes causes spilled
                  | blood to erupt in flames. [demonic ancestry]
   732 | D:2      | Reached XP level 4. HP: 27/34 MP: 4/4
  1000 | D:2      | Found a runed translucent door.
  1001 | D:2      | Noticed Crazy Yiuf
  1228 | D:2      | Killed Crazy Yiuf
  1229 | D:2      | Reached skill level 3 in Fighting
  1372 | D:3      | Gained mutation: You are partially covered in slimy green
                  | scales. (AC +2) [demonic ancestry]
  1372 | D:3      | Reached XP level 5. HP: 41/41 MP: 5/5
  1581 | D:3      | Found a snail-covered altar of Cheibriados.
  1696 | D:3      | Noticed Grinder
  1711 | D:3      | Killed Grinder
  1712 | D:3      | Reached XP level 6. HP: 20/48 MP: 2/6
  1901 | D:3      | Found an iron altar of Okawaru.
  2006 | D:3      | Noticed Robin
  2011 | D:3      | Killed Robin
  2076 | D:3      | Found an ancient bone altar of Kikubaaqudgha.
  2085 | D:3      | Found a shimmering altar of Xom.
  2316 | D:4      | Noticed Menkaure
  2320 | D:4      | Killed Menkaure
  2321 | D:4      | Reached skill level 4 in Fighting
  2321 | D:4      | Gained mutation: Your touch may inflict irresistible damage
                  | on your foes. [demonic ancestry]
  2321 | D:4      | Reached XP level 7. HP: 54/54 MP: 7/7
  2448 | D:4      | Found a staircase to the Ecumenical Temple.
  2821 | D:4      | Found a stormy altar of Qazlal.
  3014 | D:4      | Found a radiant altar of Vehumet.
  3160 | Temple   | Entered the Ecumenical Temple
  3165 | Temple   | Became a worshipper of Hepliaklqana the Forgotten
  3202 | D:5      | Entered Level 5 of the Dungeon
  3202 | D:5      | Noticed Edmund
  3213 | D:5      | Killed Edmund
  3728 | D:5      | Reached skill level 5 in Dodging
  3728 | D:5      | Reached XP level 8. HP: 43/61 MP: 6/8
  3804 | D:5      | Reached skill level 5 in Polearms
  3854 | D:5      | Reached skill level 5 in Fighting
  4031 | D:5      | Found Unogg's Antique Weapon Boutique.
  4161 | D:5      | Reached * piety under Hepliaklqana
  4441 | D:6      | Found Ruliliuk's Jewellery Shop.
  5000 | D:6      | Noticed Eustachio
  5024 | D:6      | Killed Eustachio
  5515 | D:6      | Identified a scroll of acquirement
  5515 | D:6      | Acquired 1190 gold pieces
  5572 | D:7      | Found a flagged portal.
  5587 | Bailey   | Entered a bailey
  5605 | Bailey   | Noticed an orc warlord
  5641 | Bailey   | Reached ** piety under Hepliaklqana
  5642 | Bailey   | Remembered your ancestor Eideard as a hexer
  5676 | Bailey   | Reached skill level 5 in Armour
  5680 | Bailey   | Reached skill level 6 in Fighting
  5850 | Bailey   | Found a runed translucent gate.
  5853 | Bailey   | Found a runed translucent gate.
  5854 | Bailey   | Found a runed translucent gate.
  5867 | Bailey   | Gained mutation: You are mostly covered in slimy green
                  | scales. (AC +3) [demonic ancestry]
  5867 | Bailey   | Reached XP level 9. HP: 62/62 MP: 9/9
  6018 | Bailey   | Killed an orc warlord
  6038 | Bailey   | Acquired the ring of Taky {Fly rC+ Str+8}
  6136 | D:7      | You are sucked into a shaft and drop 1 floor!
  6176 | D:8      | Noticed a troll
  6184 | D:8      | Killed a troll
  6185 | D:8      | Reached skill level 7 in Fighting
  6969 | D:8      | Reached skill level 1 in Invocations
  7036 | D:8      | Reached XP level 10. HP: 66/71 MP: 10/10
  7436 | D:9      | Reached *** piety under Hepliaklqana
  7537 | D:9      | Found a broken altar of Ashenzari.
  7772 | D:9      | Noticed a two-headed ogre
  7776 | D:9      | Killed a two-headed ogre
  7776 | D:9      | Noticed a two-headed ogre
  7777 | D:9      | Reached skill level 8 in Fighting
  7781 | D:9      | Killed a two-headed ogre
  7985 | D:9      | Reached skill level 5 in Invocations
  8423 | D:10     | Entered Level 10 of the Dungeon
  8430 | D:10     | Noticed Josephine
  8448 | D:9      | Killed Josephine
  8642 | D:10     | Reached XP level 11. HP: 74/78 MP: 13/15
  8658 | D:10     | Found a staircase to the Lair.
  8679 | D:10     | Reached skill level 9 in Fighting
  9707 | D:11     | Noticed Harold
  9952 | D:10     | Upgraded the game from 0.31-a0-965-g8a8ce12e04 to
                  | 0.31-a0-978-g1e143483b6
  9970 | D:11     | Noticed a two-headed ogre
 10025 | D:11     | Found Ogitawagg's Assorted Antiques.
 10033 | D:11     | Bought a runed trident for 175 gold pieces
 10089 | D:11     | Noticed Grum
 10375 | D:11     | Killed Grum
 10497 | D:11     | Reached **** piety under Hepliaklqana
 10498 | D:11     | Noticed Nergalle
 10817 | D:11     | Killed Nergalle
 10864 | D:11     | Noticed a two-headed ogre
 10871 | D:11     | Killed a two-headed ogre
 10926 | D:11     | Killed Harold
 11003 | D:11     | Reached skill level 10 in Fighting
 11011 | D:11     | Killed a two-headed ogre
 11102 | D:11     | Found a staircase to the Orcish Mines.
 11460 | D:12     | Noticed a two-headed ogre
 11466 | D:12     | Killed a two-headed ogre
 11467 | D:12     | Reached XP level 12. HP: 87/87 MP: 18/18
 11574 | D:12     | Noticed Frances
 11585 | D:12     | Killed Frances
 11774 | D:12     | Noticed Rupert
 11793 | D:12     | Killed Rupert
 12020 | D:12     | Noticed an orc warlord
 12022 | D:12     | Reached skill level 10 in Polearms
 12022 | D:12     | Reached skill level 10 in Dodging
 12033 | D:12     | Reached skill level 10 in Invocations
 12042 | D:12     | Noticed an orc high priest
 12055 | D:12     | Killed an orc warlord
 12336 | D:12     | Paralysed by an orc sorcerer for 3 turns
 12349 | D:12     | Reached skill level 11 in Fighting
 12364 | D:12     | Killed an orc high priest
 12662 | D:12     | Noticed Gastronok
 12677 | D:12     | Killed Gastronok
 12695 | D:12     | Acquired the Hermit's Pendant {Faith Invo=14 Evo=0 MP+5}
 12695 | D:12     | Found the Hermit's Pendant {Faith Invo=14 Evo=0 MP+5}
 12998 | D:12     | Noticed a two-headed ogre
 13001 | D:12     | Slain by a basilisk

Illustrated notes

Levels and vault maps discovered:
D:1:      dpeg_arrival_orchard, layout_rooms
D:2:      layout_rooms, serial_undead, serial_undead_f, serial_undead_d,
          serial_undead_d, serial_undead_c, uniq_jessica,
          uniq_crazy_yiuf_cottage
D:3:      layout_loops_ring, amcnicky_altar_gilded, kennysheep_okawaru_gauntlet,
          zin_academy, mainiacjoe_overflow_swirl, uniq_robin, uniq_grinder
D:4:      layout_loops_corners, mainiacjoe_overflow_surrounded_room,
          mainiacjoe_overflow_alcove_4, temple_pool_b, uniq_menkaure
D:5:      layout_basic, serial_shops, shop, nicolae_letterblocks
          [nicolae_letter_subblock, nicolae_letter_subblock,
          nicolae_letter_subblock, nicolae_letter_subblock,
          nicolae_letter_subblock, nicolae_letter_subblock,
          nicolae_letter_subblock, nicolae_letter_subblock,
          nicolae_letter_subblock, nicolae_letter_subblock,
          nicolae_letter_subblock, nicolae_letter_subblock,
          nicolae_letter_subblock, nicolae_letter_subblock,
          nicolae_letter_subblock, nicolae_letter_subblock,
          nicolae_letter_subblock, nicolae_letter_subblock,
          nicolae_letter_subblock, nicolae_letter_subblock,
          nicolae_letter_subblock, nicolae_letter_subblock,
          nicolae_letter_subblock, nicolae_letter_subblock,
          nicolae_letter_subblock], uniq_edmund
D:6:      layout_gridville, nicolae_overflow_hidden_temple, serial_shops,
          nicolae_stop_n_shop_2, uniq_eustachio
D:7:      layout_rooms, enter_bailey_5
D:8:      layout_loops_ring
D:9:      wad_river_or_something, layout_loops_ring,
          mainiacjoe_overflow_six_doors_small, mainiacjoe_overflow_24_doors
D:10:     layout_loops_ring, erik_lair_orcish_takeover, grunt_decor_junction,
          grunt_livestock, uniq_josephine
D:11:     layout_gridville, david_orc_3, serial_shops, shop, uniq_harold,
          uniq_grum, uniq_nergalle
D:12:     statuecave_lemuel, layout_cave_pools, lightli_church_of_beogh,
          uniq_gastronok, uniq_rupert, uniq_frances
Temple:   nicolae_temple_ecumenical_triangle

Skill      XL: |  1  2  3  4  5  6  7  8  9 10 11 12 |
---------------+-------------------------------------+-----
Dodging        | 3 4 5 6 7 8 9 10 | 10.5
Polearms       | 3 4 6 7 8 9 10 | 10.5
Armour         | 1 2 3 4 5 6 |  6.4
Fighting       | 3 4 6 7 8 10 11 | 11.2
Invocations    | 1 6 9 10 | 10.9
Throwing       | |  1.7

Action                     |  1- 3 |  4- 6 |  7- 9 | 10-12 || total
---------------------------+-------+-------+-------+-------++-------
  Melee: Trident           |   105 |   116 |   278 |   481 ||   980
         Punch             |     1 |     1 |     4 |     8 ||    14
         Touch             |     1 |    14 |    37 |    77 ||   129
         Unarmed           |       |       |    11 |       ||    11
  Throw: Throwing net      |       |     1 |     3 |     4 ||     8
 Invoke: Recall Ancestor   |       |       |     2 |     4 ||     6
         Ancestor Life: He |       |       |     1 |       ||     1
    Use: Scroll            |     3 |     9 |    11 |     7 ||    30
         Potion            |       |       |     2 |     4 ||     6
   Stab: Sleeping          |       |     3 |     4 |     1 ||     8
         Held in net/web   |       |     1 |     3 |     9 ||    13
         Distracted        |       |       |     2 |     6 ||     8
         Confused          |       |       |     3 |     6 ||     9
 Armour: Leather armour    |    70 |    35 |   104 |   164 ||   373
         Skin              |       |       |     1 |       ||     1
  Dodge: Dodged            |    70 |    38 |   124 |   266 ||   498
         Repelled          |       |       |       |     1 ||     1

Table legend: (Time is in decaauts)
 A = Elapsed time spent in this place.
 B = Non-inter-level travel time spent in this place.
 C = Inter-level travel time spent in this place.
 D = Time resting spent in this place.
 E = Time spent auto-exploring this place.
 F = Levels seen in this place.
 G = Mean time per level.
                   A        B        C        D        E       F      G
               +--------+--------+--------+--------+--------+-----+--------+
         Total |  13012 |  12595 |    417 |    718 |   9742 |  14 |  929.4 |
       Dungeon |  12530 |  12114 |    416 |    577 |   9550 |  12 | 1044.2 |
        Temple |     13 |     13 |      0 |      0 |      0 |   1 |   13.0 |
        Bailey |    468 |    468 |      0 |    141 |    192 |   1 |  468.0 |
               +--------+--------+--------+--------+--------+-----+--------+

Top non-repeatable levels by time:
    D:10: 1804 daAuts
    D:12: 1337 daAuts
     D:9: 1252 daAuts
    D:11: 1214 daAuts
     D:4: 1161 daAuts
     D:6: 1148 daAuts
     D:5: 1005 daAuts
     D:3: 892 daAuts
     D:8: 814 daAuts
     D:1: 702 daAuts
     D:2: 688 daAuts
     D:7: 507 daAuts
  Bailey: 468 daAuts
  Temple: 13 daAuts
